 Dungeon Crawl Stone Soup version 0.23.2-1-ga50397a (webtiles) character file.

Game seed: 9808382521719236189

150 Kahibar the Ruffian (level 5, -11/41 HPs)
             Began as a Draconian Transmuter on May 17, 2019.
             Mangled by an orc priest
             ... wielding a +2 hand axe of electrocution
              (12 damage)
             ... on level 3 of the Dungeon.
             The game lasted 00:27:07 (3210 turns).

Kahibar the Ruffian (Draconian Transmuter)          Turns: 3210, Time: 00:27:07

Health: -11/41     AC:  5    Str: 13    XL:     5   Next: 10%
Magic:  7/8        EV: 12    Int: 13    God:
Gold:   203        SH:  0    Dex: 12    Spells: 6/9 levels left

rFire    . . .     SeeInvis .   a - +4 dagger
rCold    . . .     Gourm    .   (no shield)
rNeg     . . .     Faith    .   (armour unavailable)
rPois    .         Spirit   .   (helmet restricted)
rElec    .         Reflect  .   (no cloak)
rCorr    .         Harm     .   (no gloves)
MR       .....                  (no boots)
Stlth    ++........             (no amulet)
HPRegen  0.13/turn              (no ring)
MPRegen  0.11/turn              (no ring)

@: slowed, very slow
A: unfitting armour, cold-blooded, AC +5
a: no special abilities


You were on level 3 of the Dungeon.
You were not hungry.

You visited 1 branch of the dungeon, and saw 4 of its levels.

You collected 203 gold pieces.

Inventory:

Hand Weapons
 a - a +4 dagger (weapon)
 b - a +3 hunting sling of freezing
 x - a +0 quarterstaff
 y - a +0 hunting sling
Missiles
 e - 84 arrows
 f - 118 stones (quivered)
 h - 48 bolts
 q - a throwing net
 z - 16 poisoned needles
Armour
 m - a +0 buckler
 o - a +0 shield
Wands
 t - a wand of flame (26)
Scrolls
 d - a scroll of fear {unknown}
 g - a scroll of teleportation {unknown}
 i - 2 scrolls of identify {unknown}
 k - 2 scrolls of amnesia {unknown}
 n - 2 scrolls of enchant armour {unknown}
 s - a scroll of enchant weapon {unknown}
 w - a scroll of remove curse {unknown}
 A - a scroll of immolation {unknown}
Potions
 j - a potion of invisibility {unknown}
 l - 5 potions of curing {unknown}
 p - a potion of heal wounds {unknown}
 r - a potion of magic {unknown}
 u - 2 potions of flight {unknown}
 B - a potion of might {unknown}
Comestibles
 c - 6 rations


   Skills:
 * Level 2.2 Fighting
 * Level 2.0 Short Blades
 * Level 1.2 Throwing
 + Level 2.3 Dodging
 * Level 1.1 Stealth
 - Level 3.0 Unarmed Combat
 * Level 2.5 Spellcasting
 * Level 2.6 Transmutations


You had 6 spell levels left.
You knew the following spells:

 Your Spells              Type           Power        Failure   Level  Hunger
a - Beastly Appendage     Tmut           #.....       9%          1    #......
b - Sticks to Snakes      Tmut           #.......     12%         2    ###....

Your spell library contained the following spells:

 Spells                   Type           Power        Failure   Level  Hunger
 Spider Form              Tmut/Pois      #.........   38%         3    ###....
 Ice Form                 Ice/Tmut       #.......     80%         4    #####..
 Blade Hands              Tmut           #.........   92%         5    ######.


Dungeon Overview and Level Annotations

Branches:
Dungeon (4/15)
 Temple: D:4-7

Altars:


Innate Abilities, Weirdness & Mutations

Your plain brown scales are hard. (AC +5)
You cannot fit into any form of body armour.
You are cold-blooded and may be slowed by cold attacks.


Message History

Your adder bites the orc wizard.
You swap places.
A dart slug comes into view.
You swap places.
The orc hits your adder but does no damage.
The orc hits your adder but does no damage.
Your adder bites the orc.
The orc priest hits you with a +2 hand axe of electrocution.
You are electrocuted!!
* * * LOW HITPOINT WARNING * * *
You barely miss the orc priest. You punch the orc priest.
The orc priest is lightly wounded.
Your adder bites the orc wizard but does no damage.
The orc wizard closely misses your adder.
The orc hits your adder with a +0 club.
Your adder bites the orc.
The orc dies!
The orc priest hits you with a +2 hand axe of electrocution.
* * * LOW HITPOINT WARNING * * *
You are electrocuted!
You die...

.......))........
...######.........#
#.### #.###.#.#.#
#...# #.# .# .#
###.# #.### #.# #.#
#.##.# #..# #.# #.#
#.#.#.###### #.#
#.####.##......#
#.# #.....)S@o.#
#.# ######o###.#
#.# ##.###.### #.#
#....o..w. ###.#
##.###o### ....#
### #####


You could see an orc priest, an orc wizard and a friendly adder.

Vanquished Creatures
  Jessica (D:3)
  5 adders
  2 oozes
  A worm (D:2)
  3 dart slugs
  2 orcs (D:3)
  3 bats
  4 giant cockroaches
  8 goblins
  3 hobgoblins
  3 jackals
  A quokka (D:3)
  4 frilled lizards
  4 kobolds
  7 rats
51 creatures vanquished.

Vanquished Creatures (collateral kills)
  A gnoll (D:2)
  2 worms (D:2)
  An orc (D:3)
  A giant cockroach (D:3)
  3 jackals (D:2)
  A kobold (D:3)
9 creatures vanquished.

Grand Total: 60 creatures vanquished

Notes
Turn   | Place    | Note
-------+----------+-------------------------------------------
     0 | D:1      | Kahibar the Draconian Transmuter began the quest for the
                  | Orb.
     0 | D:1      | Reached XP level 1. HP: 16/16 MP: 3/3
   318 | D:1      | Reached XP level 2. HP: 23/23 MP: 5/5
  1104 | D:2      | Reached XP level 3. HP: 22/28 MP: 6/6
  1109 | D:2      | Reached skill level 1 in Short Blades
  1120 | D:2      | Learned a level 2 spell: Sticks to Snakes
  1749 | D:2      | Reached skill level 1 in Throwing
  1749 | D:2      | Reached XP level 4. HP: 9/36 MP: 3/7
  2649 | D:3      | Reached skill level 1 in Stealth
  3005 | D:3      | Noticed Jessica
  3019 | D:3      | Killed Jessica
  3019 | D:3      | Reached XP level 5. HP: 41/41 MP: 5/8
  3210 | D:3      | HP: 1/41 [orc priest/+2 hand axe of electrocution (5)]
  3210 | D:3      | Mangled by an orc priest

Skill      XL: |  1  2  3  4  5 |
---------------+----------------+-----
Dodging        | 2 |  2.3
Short Blades   | 1 2 |  2.0
Throwing       | 1 |  1.2
Fighting       | 2 |  2.2
Stealth        | 1 |  1.1
Unarmed Combat | |  3.0
Spellcasting   | |  2.5
Transmutations | |  2.6

Action                   |  1- 3 |  4- 6 || total
-------------------------+-------+-------++-------
Melee: Short sword       |   113 |    15 ||   128
       Unarmed           |     8 |       ||     8
       Tailslap          |     6 |     6 ||    12
       Punch             |     3 |     1 ||     4
       Headbutt          |     1 |       ||     1
       Dagger            |       |    51 ||    51
Throw: Stone             |     1 |       ||     1
 Cast: Beastly Appendage |     2 |       ||     2
       Sticks to Snakes  |     7 |     3 ||    10
 Stab: Sleeping          |       |     1 ||     1
  Eat: Chunk             |     3 |     2 ||     5
       Ration            |       |     1 ||     1
Armor: Skin              |    40 |    12 ||    52
Dodge: Dodged            |   106 |    31 ||   137
